 Dungeon Sprint DCSS version 0.27-a0-1529-g1e82c303ef (webtiles) character file.

Game seed: 11216251495244874284

949 GenialerGandalf the Cleaver (level 8, -5/79 HPs)
             Began as a Hill Orc Fighter on July 12, 2021.
             Slain by a soul eater (15 damage)
             ... summoned by a kobold demonologist
             ... in the Dungeon (Sprint I: "Red Sonja").
             The game lasted 00:01:46 (1034 turns).

GenialerGandalf the Cleaver (Hill Orc Fighter)      Turns: 1034, Time: 00:01:48

Health: -5/79      AC: -11   Str: 21    XL:     8   Next: 13%
Magic:  8/8        EV: 14    Int:  8    God:
Gold:   405        SH: 11    Dex: 10    Spells: 7/7 levels left

rFire    . . .     SeeInvis .   a - +0 war axe
rCold    . . .     Faith    .   c - +0 kite shield
rNeg     . . .     Spirit   .   b - +0 scale mail
rPois    .         Reflect  .   (no helmet)
rElec    .         Harm     .   (no cloak)
rCorr    .         Rampage  .   (no gloves)
Will     .....     NoTele   +   (no boots)
Stlth    ..........             (no amulet)
HPRegen  0.00/turn              (no ring)
MPRegen  0.11/turn              (no ring)

@: agile, corroded
A: inhibited regeneration
a: no special abilities


You were in the Dungeon.
You visited 1 branch You collected 405 gold pieces.

Inventory:

Hand Weapons
 a - a +0 war axe (weapon)
Armour
 b - a +0 scale mail (worn)
 c - a +0 kite shield (worn)
Scrolls
 j - a scroll of blinking
Potions
 d - a potion of might
 e - a potion of curing
 f - a potion of heal wounds
 g - a potion of haste
 h - 2 potions of magic
 i - a potion of berserk rage


   Skills:
 + Level 10.0 Fighting
 + Level 11.9 Axes
 + Level 10.7 Armour
 + Level 0.9 Dodging
 + Level 0.4 Stealth
 + Level 9.5 Shields


You had 7 spell levels left.
You didn't know any spells.
Your spell library contained the following spells:

 Spells                   Type           Power      Damage    Failure   Level
 Stone Arrow              Conj/Erth      0%         3d7       99%         3
 Animate Armour           Summ/Erth      0%         N/A       100%        4
 Lehudib's Crystal Spear  Conj/Erth      0%         10d2      100%        8


Dungeon Overview and Level Annotations

Branches:
Dungeon (1/1)

Altars:
Cheibriados
Dithmenos
Elyvilon
Fedhas
Gozag
Hepliaklqana
Kikubaaqudgha
Makhleb
Nemelex Xobeh
Okawaru
Qazlal
Ru
Sif Muna
Trog
Uskayaw
Vehumet
Wu Jian
Xom
Yredelemnul
Zin
The Shining One
Jiyva
Lugonu

Shops:
D !


Innate Abilities, Weirdness & Mutations

You do not regenerate when monsters are visible.


Message History

The chaos spawn degenerates into a cloud of primal chaos!
You hit the rust devil but do no damage.
You slash the kobold demonologist!
The kobold demonologist closely misses you.
You block the rust devil's attack.
Your Fighting skill increases to level 10!
You have reached level 8!
You slash the kobold demonologist!
The kobold demonologist is almost dead.
You closely miss the rust devil. You hit the neqoxec.
You block the kobold demonologist's attack.
The neqoxec is engulfed in seething chaos.
The neqoxec gestures at you.
Strange energies course through your body.
Your regeneration stops near monsters.
The rust devil hits you! The rust devil corrodes you!
You block the kobold demonologist's attack.
You miss the kobold demonologist.
The kobold demonologist is almost dead.
You barely miss the rust devil. You closely miss the soul eater.
You block the rust devil's attack.
You block the kobold demonologist's attack.
You completely miss the kobold demonologist.
The kobold demonologist is almost dead.
You hit the soul eater but do no damage.
You barely miss the rust devil.
The soul eater draws from the surrounding life force!
* * * LOW HITPOINT WARNING * * *
The rust devil hits you.
* * * LOW HITPOINT WARNING * * *
The rust devil corrodes you!
The kobold demonologist hits you with a +0 dagger.
* * * LOW HITPOINT WARNING * * *
You hit the kobold demonologist but do no damage.
The kobold demonologist is almost dead.
You hit the soul eater but do no damage.
You barely miss the rust devil. The rust devil hits you.
* * * LOW HITPOINT WARNING * * *
The rust devil corrodes you! The soul eater hits you!
You die...

####################
').#..'..#__#..4@).#
#..').#..'^.'..#K3.#
##'#####'#__####3..+
#..#...#[####§ #####
####..##.#≈≈≈§
___##'#_.'§≈≈§
∩...'..._#≈§≈.c
.__##_.#+##+###
___###+#


You could see a soul eater (summoned), a rust devil (summoned), a kobold
demonologist and a neqoxec (summoned).

Vanquished Creatures
  A kobold demonologist (D)
  A slime creature (D)
  Sigmund (D)
  A yak (D)
  A floating eye (D)
  An ogre (D)
  A jelly (D)
  Ijyb (D)
8 creatures vanquished.

Vanquished Creatures (others)
  3 hornets (D)
3 creatures vanquished.

Grand Total: 11 creatures vanquished

Notes
Turn   | Place    | Note
-------+----------+-------------------------------------------
     0 | D        | GenialerGandalf the Hill Orc Fighter began the quest for
                  | the Orb.
     0 | D        | Reached XP level 1. HP: 19/19 MP: 1/1
     4 | D        | Noticed Ijyb
    16 | D        | Killed Ijyb
    17 | D        | Reached skill level 5 in Fighting
    17 | D        | Reached skill level 3 in Axes
    17 | D        | Reached XP level 2. HP: 17/29 MP: 2/2
    17 | D        | Reached XP level 3. HP: 21/36 MP: 3/3
   138 | D        | Noticed an ogre
   146 | D        | Killed an ogre
   147 | D        | Reached skill level 5 in Axes
   147 | D        | Reached XP level 4. HP: 10/45 MP: 4/4
   313 | D        | Killed a hornet
   386 | D        | Noticed Sigmund
   393 | D        | Killed Sigmund
   394 | D        | Reached skill level 7 in Axes
   394 | D        | Reached XP level 5. HP: 24/55 MP: 5/5
   394 | D        | Reached XP level 6. HP: 28/62 MP: 6/6
   449 | D        | Killed a hornet
   576 | D        | Found an ornate altar of the Wu Jian Council.
   576 | D        | Found a shimmering blue altar of Sif Muna.
   578 | D        | Found a radiant altar of Vehumet.
   583 | D        | Reached skill level 8 in Axes
   613 | D        | Found Vorphodo's Distillery.
   613 | D        | Found an ancient bone altar of Kikubaaqudgha.
   613 | D        | Found a hazy altar of Hepliaklqana.
   613 | D        | Found a stormy altar of Qazlal.
   613 | D        | Found a hide-covered altar of Uskayaw.
   613 | D        | Found a blossoming altar of Fedhas.
   613 | D        | Found a bloodstained altar of Trog.
   613 | D        | Found an iron altar of Okawaru.
   613 | D        | Found a basalt altar of Yredelemnul.
   613 | D        | Found a glowing golden altar of the Shining One.
   613 | D        | Found a snail-covered altar of Cheibriados.
   613 | D        | Found a sacrificial altar of Ru.
   613 | D        | Found a glowing silver altar of Zin.
   613 | D        | Found a shadowy altar of Dithmenos.
   613 | D        | Found a white marble altar of Elyvilon.
   613 | D        | Noticed a yak
   619 | D        | Killed a yak
   619 | D        | Killed a hornet
   620 | D        | Reached skill level 9 in Axes
   620 | D        | Reached XP level 7. HP: 50/70 MP: 7/7
   620 | D        | Found an opulent altar of Gozag.
   621 | D        | Found a sparkling altar of Nemelex Xobeh.
   723 | D        | Noticed a centaur warrior
   730 | D        | Found a burning altar of Makhleb.
   730 | D        | Found a viscous altar of Jiyva.
   730 | D        | Found a shimmering altar of Xom.
   730 | D        | Found a corrupted altar of Lugonu.
   730 | D        | Noticed a slime creature
   746 | D        | Killed a slime creature
   747 | D        | Reached skill level 10 in Axes
  1013 | D        | Noticed a kobold demonologist
  1013 | D        | Noticed a kobold demonologist
  1016 | D        | Paralysed by a floating eye for 2 turns
  1019 | D        | Reached skill level 11 in Axes
  1019 | D        | Reached skill level 10 in Armour
  1019 | D        | Noticed a neqoxec
  1020 | D        | Noticed a chaos spawn
  1026 | D        | Noticed a rust devil
  1027 | D        | Noticed a soul eater
  1030 | D        | Killed a kobold demonologist
  1031 | D        | Reached skill level 10 in Fighting
  1031 | D        | Reached XP level 8. HP: 42/79 MP: 8/8
  1031 | D        | Gained mutation: You do not regenerate when monsters are
                  | visible. [a neqoxec]
  1034 | D        | Slain by a soul eater

Illustrated notes

Levels and vault maps discovered:
D:        dungeon_sprint_1 [red_sonja_temple_1, red_sonja_temple_small_1]

Skill      XL: |  1  2  3  4  5  6  7 |
---------------+----------------------+-----
Fighting       | 5 6 8 9 10 | 10.0
Axes           | 3 5 7 9 11 | 11.9
Armour         | 4 6 8 9 10 | 10.7
Shields        | 4 6 7 8 9 |  9.5
Dodging        | |  0.9
Stealth        | |  0.4

Action                   |  1- 3 |  4- 6 |  7- 9 || total
-------------------------+-------+-------+-------++-------
Melee: War axe           |    18 |    15 |    33 ||    66
Armor: Scale mail        |     4 |     2 |     5 ||    11
Dodge: Dodged            |     3 |     1 |    15 ||    19
Block: Kite shield       |    12 |     7 |    27 ||    46

Table legend: (Time is in decaauts)
 A = Elapsed time spent in this place.
 B = Non-inter-level travel time spent in this place.
 C = Inter-level travel time spent in this place.
 D = Time resting spent in this place.
 E = Time spent auto-exploring this place.
 F = Levels seen in this place.
 G = Mean time per level.
                   A        B        C        D        E       F      G
               +--------+--------+--------+--------+--------+-----+--------+
         Total |   1053 |   1053 |      0 |    762 |     89 |   1 | 1053.0 |
       Dungeon |   1053 |   1053 |      0 |    762 |     89 |   1 | 1053.0 |
               +--------+--------+--------+--------+--------+-----+--------+

Top non-repeatable levels by time:
       D: 1053 daAuts
